 Dungeon Crawl Stone Soup version 0.22.0 (webtiles) character file.

1854 BigChef the Poker (level 8, -10/56 HPs)
             Began as a Demonspawn Chaos Knight on Aug 29, 2018.
             Mangled by a tentacled starspawn (17 damage)
             ... on level 3 of the Abyss.
             The game lasted 00:21:40 (6961 turns).

BigChef the Poker (Demonspawn Chaos Knight)         Turns: 6961, Time: 00:21:41

Health: -10/56     AC: 21    Str: 20 (21) XL:     8   Next: 89%
Magic:  8/8        EV: 13    Int: 15      God:    Xom [......]
Gold:   773        SH:  0    Dex: 14      Spells: 7/7 levels left

rFire    . . .     SeeInvis .   a - +2 spear (chaos)
rCold    + . .     Gourm    +   (no shield)
rNeg     . . .     Faith    .   b - +2 leather armour
rPois    .         Spirit   .   (no helmet)
rElec    .         Reflect  .   o - +1 cloak
rCorr    .         Harm     .   (no gloves)
MR       .....                  (no boots)
Stlth    +++.......             B - amulet of the gourmand
HPRegen  0.18/turn              q - ring of wizardry
MPRegen  0.11/turn              i - +2 ring of protection

@: mighty, about to teleport, sanguine armour, very slightly contaminated
A: claws 2, agile 1, clever 1, cold resistance 1, demonic guardian 1, frail 1,
sanguine armour 3
a: Renounce Religion


You were on level 3 of the Abyss.
You worshipped Xom.
You were a very special plaything of Xom.
You were not hungry.

You visited 1 branch of the dungeon, and saw 7 of its levels.
You visited the Abyss 1 time.
You also visited: Ossuary.

You collected 773 gold pieces.

Inventory:

Hand Weapons
 a - a +2 spear of chaos (weapon)
 A - the +2 dagger of the Head {flame, rN+ Str-2 Dex+4, unknown}
   (You found it on level 5 of the Dungeon)

   It has been specially enchanted to burn those struck by it, causing extra
   injury to most foes and up to half again as much damage against particularly
   susceptible opponents.
   It affects your strength (-2).
   It affects your dexterity (+4).
   It protects you from negative energy.
Armour
 b - a +2 leather armour (worn)
 m - a +1 helmet
 o - a +1 cloak (worn)
Jewellery
 i - a +2 ring of protection (right claw)
 q - a ring of wizardry (left claw)
 x - an uncursed amulet of the acrobat
 B - an amulet of the gourmand (around neck)
Wands
 n - a wand of acid (5)
Scrolls
 k - 5 scrolls of amnesia
 l - a scroll of identify
 p - a scroll of teleportation
 s - a scroll of enchant armour
 v - 2 scrolls of magic mapping
 y - a scroll of enchant weapon
Potions
 d - 4 potions of brilliance
 e - a potion of might
 g - 2 potions of magic
 z - a potion of agility
Comestibles
 c - 10 rations


   Skills:
 + Level 5.4 Fighting
 + Level 7.5 Polearms
 + Level 3.8 Armour
 + Level 3.3 Dodging
 + Level 4.9 Stealth


You had 7 spell levels left.
You didn't know any spells.
Your spell library contained the following spells:

 Spells                   Type           Power        Failure   Level  Hunger
 Confuse                  Hex            #.......     34%         3    ####...
 Confusing Touch          Hex            #.....       12%         1    ##.....
 Metabolic Englaciation   Hex/Ice        #.........   96%         5    ######.
 Petrify                  Tmut/Erth      #.......     73%         4    #####..
 Gell's Gravitas          Tloc           #.........   34%         3    ####...
 Yara's Violent Unravell  Hex/Tmut       #.........   96%         5    ######.


Dungeon Overview and Level Annotations

Branches:
Dungeon (7/15)             Temple (0/1) D:4

Altars:
Hepliaklqana
Nemelex Xobeh
Qazlal
Trog
Xom
Yredelemnul
The Shining One


Innate Abilities, Weirdness & Mutations

You have very sharp fingernails.
Your flesh is cold resistant. (rC+)
A weak demonic guardian rushes to your aid.
When seriously injured, your bleeding wounds create very thick armour. (AC +12)
You are agile. (Dex +2)
Your mind is acute. (Int +2)
You are frail. (-10% HP)


Message History

The smoke demon hits you but does no damage. x2
Your shadow imp hits the worldbinder but does no damage.
Aiming: Corrosive Bolt
Press: ? - help, Shift-Dir - straight line, f - tentacled starspawn
Aim: a tentacled starspawn (black smoke, lightly damaged)
The bolt of acid hits the tentacled starspawn.
The tentacled starspawn is splashed with acid.
The acid corrodes the tentacled starspawn!
The tentacled starspawn is moderately damaged.
Your demonic guardian avoids your attack.
The worldbinder barely misses your shadow imp.
The worldbinder closely misses your shadow imp.
The smoke demon hits you but does no damage.
The smoke demon barely misses you. x2; The worldbinder hits your shadow imp!
Your shadow imp dies!
The tentacled starspawn bites you.
* * * LOW HITPOINT WARNING * * *
The tentacled starspawn engulfs you!
You die...
Xom is highly amused!

........ . #
...... #x###X
...######..#.w.
####≈#.....####
# ##≈§§≈. #
≈≈###.X #§§.§
≈#\# §3..3§.
#x§###│.#>#§≈##
. #X#──.│$..≈
≈.## #
#@#.sV#...##.##
####....### ##
#.s## # ####


You could see a tentacled starspawn and a worldbinder.

Vanquished Creatures
  Menkaure (D:7)
  An ice beast (D:3)
  A centaur (D:6)
  An ogre (D:6)
  A crocodile (D:7)
  2 bullfrogs
  2 scorpions (D:4)
  2 howler monkeys
  4 crimson imps
  A bullfrog zombie (D:6)
  A hound (D:5)
  Crazy Yiuf (D:6)
  A bullfrog skeleton (D:6)
  A gnoll shaman (D:6)
  4 iguanas
  An orc wizard (D:6)
  2 worker ants
  A big kobold zombie (Ossuary)
  8 mummies (Ossuary)
  A gnoll (D:6)
  11 adders
  A howler monkey skeleton (D:6)
  A white imp (Abyss:3)
  An ooze (D:1)
  An adder zombie (D:5)
  An adder skeleton (D:4)
  3 worms (D:2)
  3 dart slugs
  7 leopard geckos
  10 orcs
  11 bats
  5 giant cockroaches
  14 goblins
  7 hobgoblins
  4 jackals
  17 kobolds
  A quokka (D:6)
  9 frilled lizards
  A goblin zombie (D:4)
  4 hobgoblin zombies (Ossuary)
  2 kobold zombies (Ossuary)
  A quokka zombie (D:4)
  6 rats
158 creatures vanquished.

Vanquished Creatures (collateral kills)
  Prince Ribbit (D:6)
  An ogre (D:4)
  A big kobold (D:7)
  A bullfrog (D:4)
  A hound (D:6)
  An orc priest (D:3)
  An adder (D:3)
  3 gnolls (D:6)
  2 orcs (D:3)
  A kobold (D:7)
13 creatures vanquished.

Vanquished Creatures (others)
  A worker ant (D:6)
  A mummy (Ossuary)
  A bat (D:1)
  A hobgoblin zombie (Ossuary)
  A kobold (Abyss:3)
  5 starspawn tentacles (Abyss:3)
10 creatures vanquished.

Grand Total: 181 creatures vanquished

Notes
Turn   | Place    | Note
-------+----------+-------------------------------------------
     0 | D:1      | BigChef the Demonspawn Chaos Knight began the quest for the Orb.
     0 | D:1      | Reached XP level 1. HP: 18/18 MP: 1/1
    45 | D:1      | XOM: harmless Air miscast
   105 | D:1      | XOM: harmless Erth miscast
   175 | D:1      | Reached skill level 3 in Polearms
   175 | D:1      | Gained mutation: A weak demonic guardian rushes to your aid. [demonic ancestry]
   175 | D:1      | Reached XP level 2. HP: 24/24 MP: 2/2
   264 | D:1      | XOM: harmless Fire miscast
   480 | D:1      | Gained mutation: You have sharp fingernails. [demonic ancestry]
   480 | D:1      | Reached XP level 3. HP: 29/29 MP: 3/3
   889 | D:2      | XOM: harmless Tloc miscast
  1009 | D:2      | Reached skill level 1 in Dodging
  1054 | D:2      | XOM: silly message
  1064 | D:2      | XOM: harmless Ice miscast
  1250 | D:2      | XOM: harmless Pois miscast
  1274 | D:2      | Gained mutation: When seriously injured, your bleeding wounds create armour. (AC +12) [demonic ancestry]
  1274 | D:2      | Reached XP level 4. HP: 31/35 MP: 4/4
  1284 | D:2      | XOM: harmless Air miscast
  1669 | D:2      | Found a bloodstained altar of Trog.
  1702 | D:2      | Reached skill level 1 in Stealth
  1813 | D:3      | Reached skill level 4 in Polearms
  1816 | D:3      | Noticed an ice beast
  1818 | D:3      | XOM: divination: detect creatures
  1841 | D:3      | Killed an ice beast
  1841 | D:3      | Gained mutation: Your flesh is cold resistant. (rC+) [demonic ancestry]
  1841 | D:3      | Reached XP level 5. HP: 36/42 MP: 5/5
  1885 | D:3      | XOM: noise
  1929 | D:3      | XOM: scenery: create altars
  2324 | D:3      | Found a stormy altar of Qazlal.
  2435 | D:3      | Found a basalt altar of Yredelemnul.
  2559 | D:3      | Found a glowing golden altar of the Shining One.
  2826 | D:4      | Gained mutation: You have very sharp fingernails. [demonic ancestry]
  2826 | D:4      | Reached XP level 6. HP: 48/48 MP: 6/6
  2859 | D:4      | XOM: 1-stop teleportation journey
  2868 | D:4      | Found a sand-covered staircase.
  2881 | Ossuary  | Entered an ossuary
  2958 | Ossuary  | Reached skill level 5 in Polearms
  2991 | Ossuary  | XOM: confusion (+ monsters)
  2996 | Ossuary  | XOM: medium Air miscast
  3465 | D:4      | Gained mutation: When seriously injured, your bleeding wounds create thick armour. (AC +12) [demonic ancestry]
  3465 | D:4      | Reached XP level 7. HP: 46/54 MP: 7/7
  3512 | D:4      | Found a staircase to the Ecumenical Temple.
  3630 | D:4      | XOM: harmless Ice miscast
  3681 | D:4      | XOM: stat loss: -1 Int (12/13)
  3745 | D:4      | Found a sparkling altar of Nemelex Xobeh.
  3938 | D:4      | XOM: stat loss: -1 Int (11/13)
  4024 | D:4      | XOM: give mutations
  4024 | D:4      | Gained mutation: Your mind is acute. (Int +2) [Xom's mischief]
  4024 | D:4      | Gained mutation: Your flesh is heat resistant. (rF+) [Xom's mischief]
  4024 | D:4      | Gained mutation: Armour fits poorly on your strangely shaped body. [Xom's mischief]
  4076 | D:4      | XOM: stat loss: -1 Dex (11/12)
  4374 | D:5      | Entered Level 5 of the Dungeon
  4375 | D:5      | Found a bloodstained altar of Trog.
  4383 | D:5      | Got a polished dagger
  4541 | D:5      | Reached skill level 6 in Polearms
  4621 | D:5      | XOM: give mutations
  4621 | D:5      | Gained mutation: You have a pair of small horns on your head. [Xom's mischief]
  4621 | D:5      | Gained mutation: Your body sometimes deteriorates upon taking damage. [Xom's mischief]
  4621 | D:5      | Lost mutation: You have a pair of small horns on your head. [Xom's mischief]
  5097 | D:5      | XOM: give mutations
  5097 | D:5      | Lost mutation: Your flesh is heat resistant. (rF+) [Xom's mischief]
  5097 | D:5      | Lost mutation: Your body sometimes deteriorates upon taking damage. [Xom's mischief]
  5097 | D:5      | Gained mutation: Scrolls take you a little longer to read. [Xom's mischief]
  5097 | D:5      | Gained mutation: You are frail. (-10% HP) [Xom's mischief]
  5104 | D:5      | XOM: summons 1 hostile demon
  5137 | D:5      | Lost mutation: Scrolls take you a little longer to read. [potion of mutation]
  5137 | D:5      | Lost mutation: Your mind is acute. (Int +2) [potion of mutation]
  5137 | D:5      | Gained mutation: Your mind is acute. (Int +2) [potion of mutation]
  5137 | D:5      | Gained mutation: You are agile. (Dex +2) [potion of mutation]
  5137 | D:5      | Gained mutation: You have sharp toenails. [potion of mutation]
  5137 | D:5      | Gained mutation: Your system is resistant to poisons. (rPois) [potion of mutation]
  5142 | D:6      | Noticed Prince Ribbit
  5150 | D:6      | XOM: summons 7 friendly demons
  5155 | D:6      | Killed Prince Ribbit
  5155 | D:6      | Gained mutation: When seriously injured, your bleeding wounds create very thick armour. (AC +12) [demonic ancestry]
  5155 | D:6      | Reached XP level 8. HP: 38/54 MP: 8/8
  5282 | D:6      | XOM: silly message
  5501 | D:6      | Found a runed door.
  5538 | D:6      | Reached skill level 5 in Fighting
  5641 | D:6      | XOM: give mutations
  5641 | D:6      | Lost mutation: Your system is resistant to poisons. (rPois) [Xom's mischief]
  5641 | D:6      | Lost mutation: Armour fits poorly on your strangely shaped body. [Xom's mischief]
  5641 | D:6      | Lost mutation: You have sharp toenails. [Xom's mischief]
  5693 | D:6      | XOM: mild Fire miscast
  5754 | D:6      | Found a shimmering altar of Xom.
  5900 | D:6      | XOM: chaos upgrade
  5906 | D:6      | Reached skill level 7 in Polearms
  6028 | D:6      | Noticed Crazy Yiuf
  6035 | D:6      | Killed Crazy Yiuf
  6210 | D:7      | Noticed Menkaure
  6214 | D:7      | Killed Menkaure
  6299 | D:7      | XOM: polymorph scorpion -> crocodile
  6530 | D:7      | XOM: summons 1 hostile shadow creature
  6705 | D:7      | Found a hazy altar of Hepliaklqana.
  6725 | D:7      | XOM: severe Summ miscast
  6725 | D:7      | Cast into level 3 of the Abyss (the severe capriciousness of Xom)
  6725 | Abyss:3  | Found a corrupted altar of Lugonu.
  6756 | Abyss:3  | Noticed a thrashing horror
  6760 | Abyss:3  | Found a white marble altar of Elyvilon.
  6761 | Abyss:3  | Found a glowing golden altar of the Shining One.
  6768 | Abyss:3  | XOM: confusion (+ monsters)
  6776 | Abyss:3  | Noticed a starcursed mass
  6874 | Abyss:3  | Noticed a kobold demonologist
  6886 | Abyss:3  | Noticed a jumping spider
  6890 | Abyss:3  | XOM: confusion (+ monsters)
  6892 | Abyss:3  | Noticed a worldbinder
  6896 | Abyss:3  | XOM: stat loss: -1 Str (15/16)
  6898 | Abyss:3  | Noticed a jumping spider
  6913 | Abyss:3  | Noticed a jumping spider
  6914 | Abyss:3  | Noticed an orb spider
  6915 | Abyss:3  | Noticed an eidolon
  6919 | Abyss:3  | Noticed a tentacled starspawn
  6919 | Abyss:3  | XOM: blink monster(s)
  6924 | Abyss:3  | Noticed a smoke demon
  6924 | Abyss:3  | a ynoxinul changed into a smoke demon
  6924 | Abyss:3  | XOM: polymorph ynoxinul -> smoke demon
  6925 | Abyss:3  | Noticed a jumping spider
  6936 | Abyss:3  | Noticed an ancient zyme
  6940 | Abyss:3  | Noticed a jumping spider
  6941 | Abyss:3  | Noticed a jumping spider
  6950 | Abyss:3  | Noticed a jumping spider
  6950 | Abyss:3  | Noticed a jumping spider
  6961 | Abyss:3  | Mangled by a tentacled starspawn

Skill      XL: |  1  2  3  4  5  6  7  8 |
---------------+-------------------------+-----
Polearms       | 3 4 5 6 7 |  7.5
Armour         | 2 3 |  3.8
Dodging        | 1 2 3 |  3.3
Stealth        | 1 2 3 4 |  4.9
Fighting       | 4 5 |  5.4

Action                   |  1- 3 |  4- 6 |  7- 9 || total
-------------------------+-------+-------+-------++-------
Melee: Spear             |   132 |   224 |   315 ||   671
       Kick              |       |       |    16 ||    16
Evoke: Wand              |       |       |     1 ||     1
  Use: Scroll            |     2 |    14 |     7 ||    23
       Potion            |       |     4 |    20 ||    24
 Stab: Confused          |     1 |     3 |       ||     4
       Sleeping          |     1 |     3 |    12 ||    16
       Paralysed         |       |     3 |     5 ||     8
       Distracted        |       |       |     3 ||     3
  Eat: Chunk             |       |     6 |     3 ||     9
       Ration            |       |     1 |     2 ||     3
Armor: Leather armour    |    32 |    33 |    65 ||   130
       Skin              |       |     3 |       ||     3
Dodge: Dodged            |    54 |    60 |   140 ||   254
